 Dungeon Crawl Stone Soup version 0.31-a0-369-g8eba5f6939 (webtiles) character file.

Game seed: 13553204849025993527

1839 mopl the Insei (level 9, -1/59 HPs)
             Began as an Octopode Shapeshifter on July 28, 2023.
             Slain by an ice beast (12 damage)
             ... on level 6 of the Dungeon.
             The game lasted 00:07:08 (4258 turns).

mopl the Insei (Octopode Shapeshifter)              Turns: 4258, Time: 00:07:10

Health: -1/59      AC:  1    Str: 15    XL:     9   Next: 11%
Magic:  9/9        EV: 15    Int: 10    God:
Gold:   339        SH:  4    Dex: 16    Spells: 8/8 levels left

rFire   . .          .
                       - Unarmed
rCold   . . .        c - +0 buckler
rNeg    . . .        (helmet currently unavailable)
rPois   .            (no amulet)
rElec   .            m - ring of wizardry
rCorr   .            (no ring)
SInv    .            (no ring)
Will    .....        (no ring)
Stlth   ++           (no ring)
HPRegen 0.29/turn    (no ring)
MPRegen 0.11/turn    (no ring)
                     (no ring)

%: wizardry (x1)
@: beast-form
A: beast (slay +4), almost no armour, amphibious, 8 rings, camouflage 1,
gelatinous body 1, (nimble swimmer 1), tentacles
a: Begin Untransformation


You were on level 6 of the Dungeon.
You were a hulking beast.
You visited 2 branches of the dungeon, and saw 7 of its levels.
You also visited: Ossuary.

You collected 339 gold pieces.

Inventory:

Hand Weapons
 F - a +1 dagger of venom
Missiles
 j - 5 poisoned darts (quivered)
 o - 6 boomerangs
 u - 4 javelins
Armour
 c - a +0 buckler (worn)
Jewellery
 m - a ring of wizardry (left tentacle)
Talismans
 b - a beast talisman
 g - a granite talisman
Wands
 r - a wand of paralysis (3)
 t - a wand of polymorph (6)
 D - a wand of digging (3)
 G - a wand of flame (20)
Scrolls
 d - 3 scrolls of amnesia {unknown}
 e - a scroll of poison {unknown}
 f - 2 scrolls of enchant armour {unknown}
 k - 2 scrolls of torment {unknown}
 p - 3 scrolls of vulnerability {unknown}
 q - 3 scrolls of teleportation {unknown}
 v - 2 scrolls of revelation {unknown}
 y - 2 scrolls of blinking {unknown}
 B - 3 scrolls of immolation {unknown}
 C - a scroll of enchant weapon {unknown}
Potions
 a - a potion of lignification {!q}
 h - 4 potions of enlightenment {unknown}
 i - 7 potions of curing {unknown}
 l - a potion of resistance
 n - 2 potions of heal wounds {unknown}
 s - a potion of invisibility
 w - a potion of brilliance
 x - a potion of haste
 z - a potion of might
 A - 2 potions of cancellation
 E - a potion of degeneration {unknown}


   Skills:
 + Level 4.5 Fighting
 + Level 4.9 Dodging
 * Level 7.3 Unarmed Combat
 * Level 6.4 Shapeshifting


You had 8 spell levels left.
You didn't know any spells.
Your spell library contained the following spells:

 Spells                   Type           Power      Damage    Failure   Level
 Apportation              Tloc           0%         N/A       21%         1
 Necrotise                Necr           0%         1d4       21%         1
 Sandblast                Erth           0%         2d4       21%         1
 Summon Small Mammal      Summ           0%         N/A       21%         1
 Passwall                 Tmut/Erth      0%         N/A       30%         2
 Static Discharge         Conj/Air       0%         2-2/arc   30%         2
 Dazzling Flash           Conj/Hex       0%         N/A       50%         3
 Stone Arrow              Conj/Erth      0%         3d7       50%         3
 Vhi's Electric Charge    Tloc/Air       0%         N/A       50%         3
 Volatile Blastmotes      Fire/Tloc      0%         2d10      50%         3
 Airstrike                Air            0%         2d(0-16)  87%         4
 Fulminant Prism          Conj/Hex       0%         3d5       87%         4
 Iskenderun's Mystic Bla  Conj/Tloc      0%         2d3       87%         4
 Summon Lightning Spire   Summ/Air       0%         N/A       87%         4
 Arcjolt                  Conj/Air       0%         1d10      99%         5
 Plasma Beam              Fire/Air       0%         2x1d10    100%        6
 Starburst                Conj/Fire      0%         6d3       100%        6
 Maxwell's Capacitive Co  Air            0%         ∞         100%        8


Dungeon Overview and Level Annotations

Branches:
Dungeon (6/15)             Temple (1/1) D:5         Ossuary (visited)

Altars:
Ashenzari
Cheibriados
Fedhas
Gozag
Kikubaaqudgha
Makhleb
Nemelex Xobeh
Okawaru
Qazlal
Ru
Sif Muna
Trog
Vehumet
Zin
The Shining One

Shops:
D:3 :


Innate Abilities, Weirdness & Mutations

You are a hulking beast.
Your limbs bulge with bestial killing power. (Slay +4)
You cannot wear most types of armour.
You are amphibious.
You can wear up to eight rings at the same time.
Your skin changes colour to match your surroundings (Stealth+).
Your rubbery body absorbs attacks. (AC +1, EV +1)
((You are camouflaged when in or above water. (Stealth+)))
You have tentacles for arms and can constrict up to eight enemies at once.


Message History

The ice beast is lightly wounded.
The ice beast hits you. The ice beast freezes you!
You completely miss the ice beast. You squeeze the ice beast.
The ice beast is lightly wounded.
The ice beast hits you. The ice beast freezes you!
You tentacle-slap the ice beast.
Your tentacle-slap misses the ice beast.
You squeeze the ice beast.
The ice beast is severely wounded.
The ice beast hits you. The ice beast freezes you!
You are too injured to fight recklessly!
You are too injured to fight recklessly!
You tentacle-slap the ice beast but do no damage.
The ice beast is severely wounded.
The ice beast closely misses you.
Aiming: Paralyse
Press: ? - help, Shift-Dir - straight line, f - ice beast
Aim: an ice beast (heavily wounded, chance to affect: 49%)
The ice beast resists with some effort.
The ice beast hits you. The ice beast freezes you!
* * * LOW HITPOINT WARNING * * *
Aiming: Paralyse
Press: ? - help, Shift-Dir - straight line, f/p - ice beast
Aim: an ice beast (heavily wounded, chance to affect: 49%)
The ice beast resists with some effort.
You block the ice beast's attack.
Aiming: Paralyse
Press: ? - help, Shift-Dir - straight line, f/p - ice beast
Aim: an ice beast (heavily wounded, chance to affect: 49%)
The ice beast resists with some effort.
The ice beast closely misses you.
Aiming: Paralyse
Press: ? - help, Shift-Dir - straight line, f/p - ice beast
Aim: an ice beast (heavily wounded, chance to affect: 49%)
The ice beast resists with some effort.
The ice beast barely misses you.
Aiming: Paralyse
Press: ? - help, Shift-Dir - straight line, f/p - ice beast
Aim: an ice beast (heavily wounded, chance to affect: 49%)
The ice beast resists with some effort.
The ice beast hits you.
* * * LOW HITPOINT WARNING * * *
The ice beast freezes you!
You die...

..# ########..
#.# #.........
#.####.########
#####......# #
#.....######
#............ #
#.....####### #
##.#### . #h# .
#..Y...... .
#..####### ...#
...## ....
..... ######


You could see an ice beast.

Vanquished Creatures
  Sigmund (D:4)
  A wraith (Ossuary)
  A sky beast (D:6)
  A black bear (D:5)
  2 ogres
  2 phantoms
  2 bullfrogs (D:6)
  3 scorpions
  3 wights (D:4)
  4 jellies
  5 hounds
  An iguana (D:4)
  A sleepcap (D:5)
  An orc wizard (D:6)
  A mummy (Ossuary)
  4 adders
  4 gnolls (D:2)
  2 worms
  A dart slug (D:1)
  7 orcs
  14 ball pythons
  11 endoplasms
  9 giant cockroaches
  4 goblins
  4 hobgoblins
  3 jackals (D:1)
  4 quokkas
  7 bats
  8 frilled lizards
  3 gnoll skeletons (Ossuary)
  10 kobolds
  7 kobold skeletons (Ossuary)
  15 orc skeletons (Ossuary)
  9 rats
155 creatures vanquished.

Notes
Turn   | Place    | Note
-------+----------+-------------------------------------------
     0 | D:1      | mopl the Octopode Shapeshifter began the quest for the Orb.
     0 | D:1      | Reached XP level 1. HP: 13/13 MP: 1/1
    71 | D:1      | Reached XP level 2. HP: 8/18 MP: 2/2
   259 | D:1      | Reached XP level 3. HP: 23/23 MP: 3/3
   402 | D:1      | Found a faded altar of an unknown god.
   890 | D:2      | Reached XP level 4. HP: 21/28 MP: 4/4
  1146 | D:2      | Found a sacrificial altar of Ru.
  1233 | D:2      | Reached XP level 5. HP: 34/34 MP: 5/5
  1455 | D:2      | Reached skill level 2 in Fighting
  1455 | D:2      | Reached skill level 4 in Unarmed Combat
  1579 | D:3      | Found Moseclyh's Book Shoppe.
  1755 | D:3      | Reached skill level 4 in Shapeshifting
  1931 | D:4      | Noticed an ogre
  1943 | D:4      | Killed an ogre
  1944 | D:4      | Reached skill level 3 in Dodging
  1944 | D:4      | Reached XP level 6. HP: 5/41 MP: 6/6
  2206 | D:4      | Reached skill level 5 in Unarmed Combat
  2206 | D:4      | Reached XP level 7. HP: 44/45 MP: 7/7
  2257 | D:4      | Reached skill level 3 in Fighting
  2496 | D:4      | Noticed Sigmund
  2503 | D:4      | Killed Sigmund
  2504 | D:4      | Reached skill level 5 in Shapeshifting
  2635 | D:5      | Entered Level 5 of the Dungeon
  2716 | D:5      | Found a sand-covered staircase.
  2742 | Ossuary  | Entered an ossuary
  2742 | Ossuary  | Noticed a wraith
  2742 | Ossuary  | Noticed a wraith
  2742 | Ossuary  | Noticed a wraith
  2773 | Ossuary  | Reached XP level 8. HP: 47/52 MP: 8/8
  2876 | Ossuary  | Noticed a wraith
  2889 | Ossuary  | Killed a wraith
  2890 | Ossuary  | Reached skill level 4 in Dodging
  2890 | Ossuary  | Reached skill level 6 in Unarmed Combat
  3141 | D:5      | Found a staircase to the Ecumenical Temple.
  3167 | Temple   | Entered the Ecumenical Temple
  3399 | D:5      | Reached skill level 4 in Fighting
  3763 | D:5      | Reached skill level 6 in Shapeshifting
  3995 | D:6      | Reached skill level 7 in Unarmed Combat
  4040 | D:6      | Reached XP level 9. HP: 50/59 MP: 9/9
  4258 | D:6      | Slain by an ice beast

Illustrated notes

Levels and vault maps discovered:
D:1:      elethiomel_arrival_quiet, layout_basic, ebering_ecumenical_altar_rust,
          minmay_hexomino_f4
D:2:      minmay_diamond_boxcup, layout_basic, basic_altar
D:3:      layout_rooms, serial_shops, nicolae_diamond_shop
D:4:      layout_rooms, serial_aquarium, aquarium_bridge_square
          [aquarium_subvault_wall, aquarium_subvault_bridge,
          aquarium_subvault_bridge, aquarium_subvault_balcony],
          aquarium_window_corridor_1, aquarium_window_1, aquarium_window_fake,
          aquarium_window_1, aquarium_view_2c, aquarium_balcony_1b,
          aquarium_pool_S, uniq_sigmund
D:5:      layout_basic, temple_statues, nicolae_ossuary_entry_monument,
          due_unseen_surprise
D:6:      layout_rooms
Temple:   eino_temple_lava

Skill      XL: |  1  2  3  4  5  6  7  8 |
---------------+-------------------------+-----
Fighting       | 2 3 4 |  4.5
Unarmed Combat | 4 5 7 |  7.3
Shapeshifting  | 4 5 6 |  6.4
Dodging        | 3 4 |  4.9

Action                     |  1- 3 |  4- 6 |  7- 9 || total
---------------------------+-------+-------+-------++-------
  Melee: Unarmed           |    78 |    88 |   138 ||   304
         Constrict         |    21 |    25 |    32 ||    78
         Tentacles         |    14 |    17 |    35 ||    66
         Punch             |     3 |     3 |     6 ||    12
  Throw: Dart              |       |     1 |     3 ||     4
  Evoke: Wand              |       |       |     6 ||     6
    Use: Scroll            |       |       |     7 ||     7
   Stab: Sleeping          |     8 |     7 |     4 ||    19
         Distracted        |       |     1 |       ||     1
 Armour: Skin              |     3 |     7 |     7 ||    17
  Dodge: Dodged            |    37 |    39 |    48 ||   124
  Block: Buckler           |     2 |     6 |    23 ||    31
   Form: Statue            |       |     1 |     1 ||     2
         Beast             |       |     1 |     1 ||     2

Table legend: (Time is in decaauts)
 A = Elapsed time spent in this place.
 B = Non-inter-level travel time spent in this place.
 C = Inter-level travel time spent in this place.
 D = Time resting spent in this place.
 E = Time spent auto-exploring this place.
 F = Levels seen in this place.
 G = Mean time per level.
                   A        B        C        D        E       F      G
               +--------+--------+--------+--------+--------+-----+--------+
         Total |   4253 |   3938 |    315 |    278 |   2549 |   8 |  531.6 |
       Dungeon |   4043 |   3728 |    315 |    278 |   2520 |   6 |  673.8 |
        Temple |      1 |      1 |      0 |      0 |      0 |   1 |    1.0 |
       Ossuary |    208 |    208 |      0 |      0 |     29 |   1 |  208.0 |
               +--------+--------+--------+--------+--------+-----+--------+

Top non-repeatable levels by time:
     D:5: 1123 daAuts
     D:1: 821 daAuts
     D:4: 696 daAuts
     D:2: 693 daAuts
     D:3: 420 daAuts
     D:6: 287 daAuts
 Ossuary: 208 daAuts
  Temple: 1 daAuts
